 Dungeon Crawl Stone Soup version 0.30.0-19-g36f170ea60 (webtiles) character file.

Game seed: 2882930560587249161

18 MacCMillion the Grave Robber (level 2, -4/19 HPs)
             Began as a Mummy Necromancer on May 26, 2023.
             Killed from afar by Natasha (9 damage)
             ... with a magic dart
             ... on level 2 of the Dungeon.
             The game lasted 00:01:25 (1071 turns).

MacCMillion the Grave Robber (Mummy Necromancer)    Turns: 1071, Time: 00:01:25

Health: -4/19      AC:  2    Str: 11    XL:     2   Next: 51%
Magic:  5/6        EV: 12    Int: 14    God:
Gold:   95         SH:  0    Dex: 12    Spells: 6/7 levels left

rFire   x . .        c - +0 dagger
rCold   + . .        (no shield)
rNeg    + + +        a - +0 robe
rPois   ∞            (no helmet)
rElec   .            (no cloak)
rCorr   .            (no gloves)
SInv    .            (no boots)
Will    .....        (no amulet)
Stlth   ++           (no ring)
HPRegen 0.23/turn    (no ring)
MPRegen 0.10/turn

%: faith
@: no status effects
A: cold resistance 1, negative energy resistance 3, torment resistance 2, heat
vulnerability 1, no potions, faith
a: no special abilities


You were on level 2 of the Dungeon.
You visited 1 branch of the dungeon, and saw 2 of its levels.

You collected 95 gold pieces.

Inventory:

Hand Weapons
 c - a +0 dagger (weapon)
Armour
 a - a +0 robe (worn)
Scrolls
 b - a scroll of brand weapon {unknown}
 d - a scroll of identify {unknown}
 e - a scroll of amnesia {unknown}
 f - 2 scrolls of vulnerability {unknown}


   Skills:
 - Level 1.5 Dodging
 - Level 1.5 Stealth
 + Level 3.4 Spellcasting
 + Level 4.3 Necromancy


You had 6 spell levels left.
You knew the following spells:

 Your Spells              Type           Power      Damage    Failure   Level
a - Necrotise             Necr           56%        1d6       3%          1

Your spell library contained the following spells:

 Spells                   Type           Power      Damage    Failure   Level
 Vampiric Draining        Necr           14%        2d7       10%         3
 Static Discharge         Conj/Air       4%         2-3/arc   30%         2
 Animate Dead             Necr           14%        N/A       32%         4
 Agony                    Necr           14%        N/A       67%         5
 Airstrike                Air            1%         2d(1-17)  90%         4
 Summon Lightning Spire   Summ/Air       2%         N/A       90%         4


Dungeon Overview and Level Annotations

Branches:
Dungeon (2/15)

Altars:

Annotations:
D:2 Natasha


Innate Abilities, Weirdness & Mutations

You are immune to poison.
Your flesh is cold resistant. (rC+)
You are immune to negative energy. (rN+++)
You are immune to unholy pain and torment.
You are vulnerable to heat. (rF-)
You do not drink.
You have a special connection with the divine. (Faith)


Message History

A rat comes into view.
A rat is nearby!
Found a robe.
The rat writhes in agony.
You kill the rat!
The dead are walking!
You can't see any susceptible monsters within range! (Use Z to cast anyway.) No target in view!
Magic restored.
You swap places.
A rat comes into view.
A rat is nearby!
The rat writhes in agony.
You kill the rat!
You can't see any susceptible monsters within range! (Use Z to cast anyway.) There's nothing to open nearby.
You swap places.
Found a stone staircase leading down.
A goblin comes into view. It is wielding a +0 dagger.
You can't see any susceptible monsters within range! (Use Z to cast anyway.)
The goblin writhes in agony.
You kill the goblin!
The dead are walking!
There is a stone staircase leading down here.
You now have 95 gold pieces (gained 15).
You see here a +0 dagger.
Your rat skeleton crumbles into dust!
You swap places.
Natasha, Servant of Life and Death comes into view.
Your goblin skeleton crumbles into dust!
Natasha is nearby!
Natasha stares at you and mumbles some strange words.
The magic dart hits you.
Natasha struggles to resist.
Natasha stares at you and mumbles some strange words.
The magic dart hits you!
* * * LOW HITPOINT WARNING * * *
You are too injured to fight recklessly!
Natasha casts a spell at you. The magic dart hits you!
You die...

#.# #### #.# .... .#h#
#### # #.#.# ### ## #.
#.#.# #.# .## .### #.#.#
#.# #.## ..# #.#.# #.#
##.# #.# #.#.# #.# #.##
###.####.#@# #.# .##
#....>...#.#####.#
.######.#####.)...Z....#
........# #..#.#######
.######.# #....#
......>.# #..###
#######.#####..# #
#........# #
####...###.#


You could see Natasha.

Vanquished Creatures
  A ball python (D:1)
  2 endoplasms (D:1)
  3 goblins
  A hobgoblin (D:1)
  A kobold (D:1)
  A quokka (D:1)
  5 bats (D:1)
  3 rats
17 creatures vanquished.

Notes
Turn   | Place    | Note
-------+----------+-------------------------------------------
     0 | D:1      | MacCMillion the Mummy Necromancer began the quest for the
                  | Orb.
     0 | D:1      | Reached XP level 1. HP: 13/13 MP: 4/4
   479 | D:1      | Reached XP level 2. HP: 19/19 MP: 3/6
  1067 | D:2      | Noticed Natasha
  1071 | D:2      | Killed from afar by Natasha

Illustrated notes

Levels and vault maps discovered:
D:1:      erik_arrival_triangle_small, layout_loops_cross
D:2:      layout_loops_ring, grunt_decor_clamped, uniq_natasha

Skill      XL: |  1 |
---------------+----+-----
Spellcasting   | 3 |  3.4
Dodging        | |  1.5
Stealth        | |  1.5
Necromancy     | |  4.3

Action                     || total
---------------------------++-------
   Cast: Necrotise         ||    32
 Armour: Robe              ||     6
  Dodge: Dodged            ||     3
